[Event "Titled Tuesday Blitz November 29 Late 2022"]
[White "Perez Rodriguez, Jennifer"]
[Black "Winkels, Marcel"]
[WhiteFideId "3507831"]
[BlackFideId "1003887"]
[WhiteElo "2170"]
[BlackElo "1900"]
[Result "1-0"]
[Round "02"]
[TimeControl "180+1"]
[Date "2022.11.30"]
[WhiteClock "0:01:22"]
[BlackClock "0:00:30"]

1. e4 c5 2. c3 d5 3. exd5 Qxd5 4. d4 g6 5. Nf3 Bg7 6. Be3 cxd4 7. cxd4 Nf6 8. Nc3 Qd8 9. Bc4 O-O 10. O-O Nc6 11. h3 Bf5 12. Ne5 Nxe5 13. dxe5 Qxd1 14. Rfxd1 Ne4 15. Nd5 e6 16. Ne7+ Kh8 17. g4 Rfe8 18. gxf5 Rxe7 19. f6 Nxf6 20. exf6 Bxf6 21. Bd4 Bxd4 22. Rxd4 Rc8 23. Rad1 Kg7 24. Bb3 Rec7 25. Rd7 b6 26. Bxe6 Rxd7 27. Rxd7 Rc1+ 28. Kg2 Rc2 29. Rxf7+ Kh6 30. Rxa7 Rxb2 31. Bg8 Kg5 32. Rxh7 b5 33. Rb7 b4 34. Bb3 Rb1 35. Rxb4 Ra1 36. Rb6 Rc1 37. Bf7 Rc2 38. Rxg6+ Kf5 39. Rb6 Rc7 40. Bb3 Kf4 41. Rb4+ Kf5 42. a4 Rg7+ 43. Kf3 Ra7 44. Rb5+ Kf6 45. a5 Ke7 46. Bc4 Rc7 47. Bd3 Rc3 48. Ke4 Ra3 49. h4 Ra4+ 50. Kd5 Rxh4 51. a6 Rh5+ 52. Kc6 Rh6+ 53. Kb7 Rf6 54. a7 Rf5 55. Rxf5 Ke6 56. a8=Q Kd6 57. Qd8+ Ke6 58. Qd5+ Ke7 59. Rf7+ 1-0


[Site "https://www.chess.com"]

[Event "Titled Tuesday Blitz November 29 Late 2022"]
[White "Perez Torres, Nabi Isaias"]
[Black "Luo, Terry"]
[WhiteFideId "5120373"]
[BlackFideId "30931045"]
[WhiteElo "1915"]
[BlackElo "2265"]
[Result "0-1"]
[Round "02"]
[TimeControl "180+1"]
[Date "2022.11.30"]
[WhiteClock "0:00:16"]
[BlackClock "0:00:55"]

1. d4 Nf6 2. c4 g6 3. Nc3 Bg7 4. e4 d6 5. Be2 O-O 6. Nf3 e5 7. O-O Nc6 8. d5 Ne7 9. Ne1 Nd7 10. Nd3 f5 11. Bd2 Kh8 12. Rc1 Ng8 13. f3 Bh6 14. c5 dxc5 15. Nb5 a6 16. Na3 Qe7 17. Nc4 Bxd2 18. Qxd2 Ngf6 19. Qe3 b6 20. a4 f4 21. Qd2 Ne8 22. b4 cxb4 23. Nxb4 Bb7 24. Nd3 Nd6 25. Qb2 Nxc4 26. Rxc4 Rac8 27. Rfc1 Qd6 28. Rc6 Bxc6 29. Rxc6 Qe7 30. Re6 Qg7 31. Qc3 Rf6 32. Qc6 Rxe6 33. Qxe6 Rd8 34. Qc6 Nc5 35. Nxc5 bxc5 36. Qxc5 Qf6 37. Qxc7 Qd6 38. Qc4 Rb8 39. Qxa6 Rb1+ 0-1


[Site "https://www.chess.com"]

[Event "Titled Tuesday Blitz November 29 Late 2022"]
[White "Petrovic, Aleksa"]
[Black "Tarnowska, Aleksandra"]
[WhiteFideId "967629"]
[BlackFideId "1180967"]
[WhiteElo "2224"]
[BlackElo "1776"]
[Result "1-0"]
[Round "02"]
[TimeControl "180+1"]
[Date "2022.11.30"]
[WhiteClock "0:01:29"]
[BlackClock "0:00:09"]

1. d4 d5 2. c4 Nf6 3. Nc3 c6 4. e3 Bf5 5. cxd5 cxd5 6. Qb3 Qd7 7. Nf3 Nc6 8. Ne5 Qc7 9. Nxd5 Nxd5 10. Qxd5 e6 11. Qb5 Bb4+ 12. Bd2 Bxd2+ 13. Kxd2 O-O 14. Nxc6 bxc6 15. Rc1 Rfc8 16. Qc5 Rab8 17. b3 a5 18. Bd3 Bxd3 19. Kxd3 a4 20. bxa4 Rb2 21. Rc2 Qb7 22. Rhc1 Qa6+ 23. Ke4 Rxc2 24. Qxc2 Qa5 25. Kd3 Qxa4 26. Qxa4 1-0


[Site "https://www.chess.com"]

[Event "Titled Tuesday Blitz November 29 Late 2022"]
[White "Pham, Khoi"]
[Black "Kowalski, Igor"]
[WhiteFideId "1054988"]
[BlackFideId "1172468"]
[WhiteElo "2484"]
[BlackElo "2317"]
[Result "1/2-1/2"]
[Round "02"]
[TimeControl "180+1"]
[Date "2022.11.30"]
[WhiteClock "0:00:23"]
[BlackClock "0:00:16"]

1. e4 c6 2. Nf3 d5 3. Nc3 Bg4 4. h3 Bxf3 5. Qxf3 e6 6. Be2 Nd7 7. O-O Bd6 8. d4 Ne7 9. e5 Bc7 10. Be3 Nf5 11. Bd3 Nxe3 12. fxe3 O-O 13. Ne2 f5 14. Nf4 Qe7 15. g4 g6 16. gxf5 gxf5 17. Kh2 Kh8 18. Rg1 Qf7 19. Rg3 Rg8 20. Rag1 Rxg3 21. Rxg3 Rg8 22. Qg2 Nf8 23. Be2 Rxg3 24. Qxg3 Bd8 25. Bh5 Qg7 26. Be2 Qh6 27. Kg2 Bh4 28. Qf3 Bg5 29. Qg3 Bxf4 30. Qxf4 Qg7+ 31. Kf2 Ng6 32. Qg5 Qe7 33. Qxe7 Nxe7 34. Bh5 Kg7 35. Kf3 b6 36. Kf4 c5 37. c3 c4 38. b3 b5 39. Bd1 Ng6+ 40. Kg3 Kh6 41. a4 a6 42. axb5 axb5 43. bxc4 dxc4 44. Bf3 Ne7 45. e4 Kg5 46. h4+ Kg6 47. exf5+ Kxf5 48. Bg4+ Ke4 49. Bxe6 b4 50. Bxc4 bxc3 51. Bb3 Kxd4 52. e6 Kd3 53. Kf4 c2 54. Bxc2+ Kxc2 55. Kg5 Kd3 56. Kh6 Ke4 57. Kxh7 Ke5 58. Kg7 Kxe6 59. h5 Ke5 60. h6 Nf5+ 61. Kh7 Nxh6 1/2-1/2


[Site "https://www.chess.com"]

[Event "Titled Tuesday Blitz November 29 Late 2022"]
[White "Pinheiro, Iung Alicio de O."]
[Black "Bok, Benjamin"]
[WhiteFideId "2104350"]
[BlackFideId "1017063"]
[WhiteElo "2283"]
[BlackElo "2658"]
[Result "0-1"]
[Round "02"]
[TimeControl "180+1"]
[Date "2022.11.30"]
[WhiteClock "0:00:02"]
[BlackClock "0:00:04"]

1. e4 c5 2. Nf3 d6 3. Bc4 Nf6 4. d3 e6 5. O-O a6 6. Bb3 b5 7. c3 Bb7 8. Re1 Nbd7 9. Nbd2 Be7 10. d4 O-O 11. Bc2 Qc7 12. Nf1 e5 13. Ng3 g6 14. Bh6 Rfe8 15. d5 c4 16. h3 a5 17. Qd2 Reb8 18. b4 axb4 19. cxb4 Ra3 20. Re3 Rba8 21. Rxa3 Rxa3 22. Qc1 Ra8 23. a3 Nb6 24. Be3 Bc8 25. Ne2 Bd7 26. Nc3 Nh5 27. Kh2 Bf6 28. Ra2 Bg7 29. Qd1 Nf4 30. Ng1 f5 31. g3 Nd3 32. Bxd3 cxd3 33. Qxd3 fxe4 34. Nxe4 Qc4 35. Rd2 Qxd3 36. Rxd3 Nc4 37. Bc1 Kf7 38. Kg2 h6 39. f3 Rc8 40. Ne2 Ke7 41. Kf2 Nb6 42. N2c3 Be8 43. Be3 Nc4 44. Bc1 Ra8 45. Nb1 Kd7 46. Nbd2 Nb6 47. Nb3 Bf7 48. Nc3 Nc4 49. Nb1 Rc8 50. Bd2 Nb6 0-1


[Site "https://www.chess.com"]

[Event "Titled Tuesday Blitz November 29 Late 2022"]
[White "Preotu, Razvan"]
[Black "Gasparyan, David"]
[WhiteFideId "2613280"]
[BlackFideId "13311980"]
[WhiteElo "2407"]
[BlackElo "2340"]
[Result "0-1"]
[Round "02"]
[TimeControl "180+1"]
[Date "2022.11.30"]
[WhiteClock "0:01:07"]
[BlackClock "0:00:49"]

1. e4 c5 2. Nf3 Nc6 3. Bb5 Qc7 4. O-O g6 5. c3 Bg7 6. d4 cxd4 7. cxd4 Nf6 8. Nc3 O-O 9. e5 Ne8 10. Nd5 Qd8 11. Bg5 f6 12. Bh4 e6 13. exf6 Nxf6 14. Nxf6+ Bxf6 15. Bxf6 Qxf6 16. Rc1 Ne7 17. Ne5 Nd5 18. Bxd7 Nf4 19. Qf3 Qg5 20. Rfe1 Bxd7 21. Nxd7 Rf7 22. Ne5 Rf5 23. Qg3 Ne2+ 0-1


[Site "https://www.chess.com"]

[Event "Titled Tuesday Blitz November 29 Late 2022"]
[White "Pruess, David"]
[Black "Joubert, Dantelle"]
[WhiteFideId "2014254"]
[BlackFideId "14310813"]
[WhiteElo "2447"]
[BlackElo "1507"]
[Result "1-0"]
[Round "02"]
[TimeControl "180+1"]
[Date "2022.11.30"]
[WhiteClock "0:00:11"]
[BlackClock "0:00:05"]

1. e4 e5 2. Nf3 Nc6 3. Bb5 Nf6 4. O-O Nxe4 5. d4 Nd6 6. Bxc6 dxc6 7. dxe5 Nf5 8. Qxd8+ Kxd8 9. Nc3 Ke8 10. b3 Be6 11. Bb2 h6 12. Rfe1 Be7 13. Ne4 b6 14. h3 a5 15. g4 Nh4 16. Nd4 Bd5 17. Nf6+ Kf8 18. Nxd5 cxd5 19. e6 c5 20. Nf5 Nf3+ 21. Kf1 d4 22. Re2 fxe6 23. Rxe6 Bf6 24. Rxb6 c4 25. bxc4 Nd2+ 26. Kg2 Nxc4 27. Rb7 Nxb2 28. Rxb2 d3 29. Rab1 Bxb2 30. Rxb2 d2 31. Rb1 Rd8 32. Ne3 Kf7 33. Kf3 Rhe8 34. Ke2 Re4 35. Rd1 Red4 36. f3 g5 37. Nf5 Re8+ 38. Kf2 Rd5 39. Nxh6+ Kg6 40. Nf5 Rc8 41. Ke2 Re8+ 42. Kf2 Re6 43. Ng3 Rc6 44. Ne4 Rxc2 45. a3 Ra2 46. Nc3 Rxa3 47. Nxd5 Ra2 48. Ne3 Rc2 49. Nxc2 Kf6 50. Rxd2 Ke5 51. Ke3 Ke6 52. Na3 Kf6 53. Nc4 Ke6 54. Rd6+ Ke7 55. Ra6 Kd7 56. Rxa5 Kc7 57. Rxg5 Kc6 58. h4 Kd7 59. h5 Ke6 60. Rf5 Ke7 61. Nd2 Ke6 62. Nf1 1-0


[Site "https://www.chess.com"]

[Event "Titled Tuesday Blitz November 29 Late 2022"]
[White "Radjabov, Teimour"]
[Black "Olafsson, Helgi"]
[WhiteFideId "13400924"]
[BlackFideId "2300010"]
[WhiteElo "3007"]
[BlackElo "2657"]
[Result "1-0"]
[Round "02"]
[TimeControl "180+1"]
[Date "2022.11.30"]
[WhiteClock "0:00:18"]
[BlackClock "0:00:12"]

1. Nf3 Nf6 2. c4 b6 3. Nc3 Bb7 4. g3 c5 5. Bg2 g6 6. O-O Bg7 7. d3 O-O 8. e4 d6 9. Rb1 e6 10. Re1 Nc6 11. a3 d5 12. e5 Nd7 13. Bg5 Qb8 14. cxd5 Ncxe5 15. dxe6 fxe6 16. Bf4 Nxf3+ 17. Bxf3 e5 18. Bxb7 Qxb7 19. Bg5 h6 20. Be3 Rf3 21. Ne4 Raf8 22. b4 cxb4 23. axb4 Kh7 24. b5 Qd5 25. Qb3 Qxb3 26. Rxb3 Nf6 27. Kg2 Nd5 28. Ra3 R3f7 29. Rea1 Rd8 30. Rxa7 Rxa7 31. Rxa7 Nxe3+ 32. fxe3 g5 33. Nf6+ Kg6 34. Nd7 e4 35. dxe4 g4 36. h3 h5 37. hxg4 hxg4 38. Kf2 Re8 39. Nxb6 Rxe4 40. Nd5 Rc4 41. Ke2 Be5 42. Kd3 Rc1 43. Ra6+ Kf7 44. Nf4 Rb1 45. b6 Rg1 46. Ke4 Bd6 47. Ra7+ Kf6 48. Rd7 Bxf4 49. Kxf4 1-0


[Site "https://www.chess.com"]

[Event "Titled Tuesday Blitz November 29 Late 2022"]
[White "Rangel, Daniel"]
[Black "Arbunic Castro, Giovanna"]
[WhiteFideId "2124475"]
[BlackFideId "3400549"]
[WhiteElo "2225"]
[BlackElo "1933"]
[Result "1-0"]
[Round "02"]
[TimeControl "180+1"]
[Date "2022.11.30"]
[WhiteClock "0:01:47"]
[BlackClock "0:00:27"]

1. d4 Nf6 2. c4 g6 3. Nc3 Bg7 4. e4 d6 5. Nf3 O-O 6. Be2 c5 7. d5 e6 8. h3 exd5 9. exd5 Re8 10. O-O Ne4 11. Nxe4 Rxe4 12. Bd3 Re8 13. Bg5 Qb6 14. Rb1 Nd7 15. Qd2 Ne5 16. Nxe5 Bxe5 17. f4 Bd4+ 18. Kh1 Be3 19. Qc2 Bd7 20. f5 Bxg5 21. fxg6 Rf8 22. gxf7+ Rxf7 23. Rxf7 Kxf7 24. Bxh7 Qd8 25. Qg6+ Kf8 26. Qg8+ Ke7 27. Re1+ Be6 28. Qxe6+ 1-0


[Site "https://www.chess.com"]

[Event "Titled Tuesday Blitz November 29 Late 2022"]
[White "Redzisz, Michal"]
[Black "Stanisz, Patryk"]
[WhiteFideId "21816107"]
[BlackFideId "1123106"]
[WhiteElo "2136"]
[BlackElo "2069"]
[Result "1-0"]
[Round "02"]
[TimeControl "180+1"]
[Date "2022.11.30"]
[WhiteClock "0:00:11"]
[BlackClock "0:00:01"]

1. Na3 c6 2. c4 Nf6 3. Nf3 d5 4. e3 g6 5. b3 Bg7 6. Bb2 O-O 7. Be2 Bg4 8. O-O Nbd7 9. Rc1 e6 10. Nc2 a6 11. h3 Bxf3 12. Bxf3 Nc5 13. Ba3 Nd3 14. Bxf8 Bxf8 15. Rb1 e5 16. Be2 dxc4 17. bxc4 b5 18. Ne1 e4 19. Qc2 Ne5 20. cxb5 cxb5 21. d4 exd3 22. Nxd3 Rc8 23. Qb3 Nc4 24. Rfd1 Qb6 25. Nf4 Na3 26. Rbc1 Rxc1 27. Rxc1 Be7 28. Nd5 Nxd5 29. Qxd5 Kg7 30. Qd4+ Qxd4 31. exd4 Bf6 32. d5 Bd8 33. Rc6 1-0


[Site "https://www.chess.com"]

[Event "Titled Tuesday Blitz November 29 Late 2022"]
[White "Remizov, Yaroslav"]
[Black "Storey, Charles H"]
[WhiteFideId "34134015"]
[BlackFideId "406686"]
[WhiteElo "2414"]
[BlackElo "2252"]
[Result "1-0"]
[Round "02"]
[TimeControl "180+1"]
[Date "2022.11.30"]
[WhiteClock "0:01:06"]
[BlackClock "0:00:10"]

1. e3 g6 2. a3 Bg7 3. c4 c5 4. Nf3 Nc6 5. Be2 Nf6 6. O-O d5 7. cxd5 Nxd5 8. d3 O-O 9. Nbd2 b6 10. Qc2 Ba6 11. Rd1 Rc8 12. Nf1 e5 13. Bd2 Qd7 14. Rac1 Rfd8 15. Ng3 f5 16. e4 Nf4 17. exf5 Nxe2+ 18. Nxe2 Bxd3 19. Qb3+ c4 20. Rxc4 Kh8 21. Rh4 Bf6 22. Bg5 Na5 23. Bxf6+ 1-0


[Site "https://www.chess.com"]

[Event "Titled Tuesday Blitz November 29 Late 2022"]
[White "Reprintsev, Alexander"]
[Black "Gerbelli Neto, Eduardo"]
[WhiteFideId "14100541"]
[BlackFideId "2103281"]
[WhiteElo "2230"]
[BlackElo "2178"]
[Result "0-1"]
[Round "02"]
[TimeControl "180+1"]
[Date "2022.11.30"]
[WhiteClock "0:01:17"]
[BlackClock "0:01:47"]

1. e4 e5 2. f4 Nc6 3. Nf3 f5 4. exf5 e4 5. Ne5 Nxe5 6. fxe5 Qe7 7. Qh5+ Kd8 8. d4 exd3 9. Bg5 Nf6 10. Bxf6 gxf6 11. e6 Qb4+ 12. Nd2 Qxb2 13. Rb1 dxc2 14. Rxb2 c1=Q+ 15. Ke2 Qxb2 16. g4 Qe5+ 17. Kf2 Qd4+ 18. Ke1 dxe6 19. Nf3 Bb4+ 20. Ke2 Qe4+ 21. Kf2 Bc5+ 22. Kg2 exf5 23. g5 Qg4+ 24. Qxg4 fxg4 25. Nd2 Bd7 0-1


[Site "https://www.chess.com"]

[Event "Titled Tuesday Blitz November 29 Late 2022"]
[White "Romero Ruscalleda, Josep"]
[Black "Goltsev, Dmitry"]
[WhiteFideId "2231859"]
[BlackFideId "24176710"]
[WhiteElo "2183"]
[BlackElo "2289"]
[Result "0-1"]
[Round "02"]
[TimeControl "180+1"]
[Date "2022.11.30"]
[WhiteClock "0:00:01"]
[BlackClock "0:01:08"]

1. e4 e6 2. d4 d5 3. e5 c5 4. c3 Nc6 5. Be3 Nge7 6. Nf3 Nf5 7. Bd3 cxd4 8. cxd4 Bb4+ 9. Nc3 h6 10. O-O g5 11. Qb3 g4 12. Nd2 Bxc3 13. bxc3 h5 14. Bf4 h4 15. f3 g3 16. h3 Nce7 17. Bg5 Rg8 18. Bf6 Qb6 19. Qxb6 axb6 20. Rfb1 Ng6 21. Bxf5 exf5 22. Rxb6 Nf4 23. Nb3 Ne2+ 24. Kf1 Nxc3 25. Nc5 Bd7 26. Nxd7 Kxd7 27. Rxb7+ Kc6 28. Rxf7 Nxa2 29. Bxh4 Kb5 30. Rb7+ Kc4 31. Rab1 Nc3 32. Rc7+ Kxd4 33. Rc1 Nb5 34. Rd1+ Kxe5 35. Re7+ Kd6 36. Rh7 Ra2 37. Rh6+ Kc5 38. Rc1+ Kd4 39. Bf6+ Kd3 40. Be5 Rf2+ 41. Kg1 Rc2 42. Rd1+ Rd2 43. Rb1 Nc3 44. Bxc3 Kxc3 45. Rc6+ Kd4 46. Re1 Re8 47. Rec1 Ree2 48. Kh1 Rxg2 0-1


[Site "https://www.chess.com"]

[Event "Titled Tuesday Blitz November 29 Late 2022"]
[White "Ronka, Erik"]
[Black "Dylag, Emilia"]
[WhiteFideId "505080"]
[BlackFideId "21805172"]
[WhiteElo "2264"]
[BlackElo "1878"]
[Result "1-0"]
[Round "02"]
[TimeControl "180+1"]
[Date "2022.11.30"]
[WhiteClock "0:01:11"]
[BlackClock "0:00:01"]

1. d4 Nf6 2. c4 e6 3. Nc3 Bb4 4. a3 Bxc3+ 5. bxc3 d5 6. cxd5 exd5 7. e3 O-O 8. Bd3 c5 9. Ne2 b6 10. O-O Ba6 11. Ng3 Re8 12. f3 Bxd3 13. Qxd3 Nc6 14. Ra2 Na5 15. Raf2 Rc8 16. e4 cxd4 17. cxd4 dxe4 18. fxe4 Rc4 19. Bb2 b5 20. Rxf6 gxf6 21. d5 Qb6+ 22. Kh1 Re5 23. Bxe5 fxe5 24. Qf3 Qg6 25. Nf5 Kf8 26. Nh4 Qg7 27. Qf5 Rc7 28. Qe6 Re7 29. Qd6 1-0


[Site "https://www.chess.com"]

[Event "Titled Tuesday Blitz November 29 Late 2022"]
[White "Rorrer, Grayson"]
[Black "Nepo"]
[WhiteFideId "30944996"]
[WhiteElo "2130"]
[BlackElo "2189"]
[Result "1-0"]
[Round "02"]
[TimeControl "180+1"]
[Date "2022.11.30"]
[WhiteClock "0:02:03"]
[BlackClock "0:01:18"]

1. e4 e5 2. Nc3 Nf6 3. d4 Bb4 4. dxe5 Nxe4 5. Qg4 Nxc3 6. Qxg7 Rf8 7. a3 Qh4 8. axb4 Qe4+ 9. Be3 Qxc2 10. Bh6 Qe4+ 11. Ne2 1-0


[Site "https://www.chess.com"]

[Event "Titled Tuesday Blitz November 29 Late 2022"]
[White "Rosenberg, Evan S"]
[Black "Di Berardino, Diego Rafael"]
[WhiteFideId "2019299"]
[BlackFideId "2105446"]
[WhiteElo "2383"]
[BlackElo "2442"]
[Result "0-1"]
[Round "02"]
[TimeControl "180+1"]
[Date "2022.11.30"]
[WhiteClock "0:00:03"]
[BlackClock "0:01:03"]

1. d4 d5 2. Nf3 Nf6 3. c3 c6 4. Qc2 Bg4 5. Ne5 Bh5 6. Qf5 Nbd7 7. Qh3 Rg8 8. g4 Bg6 9. Nxg6 hxg6 10. g5 Nh5 11. Bg2 e6 12. Bf3 Rh8 13. Rg1 Be7 14. e4 dxe4 15. Bxe4 Qc7 16. Nd2 O-O-O 17. Nf3 Nhf6 18. Qxh8 Rxh8 19. gxf6 Nxf6 20. Bd3 Bd6 21. Be3 Bxh2 22. Nxh2 Rxh2 23. O-O-O Nd5 24. c4 Nxe3 25. fxe3 Qb6 26. Bc2 Qa6 27. Rh1 Rxh1 28. Rxh1 Qxc4 29. Kb1 Qe2 30. Rh8+ Kc7 31. a3 Qxe3 32. Rf8 Qf2 33. a4 a5 34. b3 g5 35. Kb2 Qxd4+ 36. Ka2 Qf2 37. Kb2 g4 38. Ka3 Qc5+ 39. Kb2 Qxf8 40. Bg6 fxg6 41. b4 axb4 42. a5 Qf3 43. a6 bxa6 44. Ka2 g3 45. Kb2 g2 46. Ka2 g1=Q 47. Kb2 Qgg2+ 48. Kb1 Qff1# 0-1


[Site "https://www.chess.com"]

[Event "Titled Tuesday Blitz November 29 Late 2022"]
[White "Salman, Pavel"]
[Black "Yanchenko, Roman"]
[WhiteFideId "24153753"]
[BlackFideId "4137329"]
[WhiteElo "2187"]
[BlackElo "2489"]
[Result "0-1"]
[Round "02"]
[TimeControl "180+1"]
[Date "2022.11.30"]
[WhiteClock "0:00:17"]
[BlackClock "0:02:00"]

1. Nf3 d5 2. g3 Nf6 3. Bg2 Bf5 4. O-O e6 5. d3 Be7 6. Nfd2 O-O 7. e4 Bg6 8. Nc3 c6 9. Qe2 dxe4 10. dxe4 e5 11. Nc4 Nbd7 12. a4 Qc7 13. Kh1 Bh5 14. f3 Nb6 15. Ne3 Rfd8 16. a5 Nbd7 17. Nf5 Bf8 18. h4 h6 19. g4 Bg6 20. h5 Bxf5 21. exf5 Nd5 22. Ne4 N7f6 23. c4 Nxe4 24. fxe4 Nf4 25. Bxf4 exf4 26. Qf2 Bd6 27. a6 Be5 28. axb7 Qxb7 29. Ra2 Rd4 30. Rfa1 Rxc4 31. Rxa7 Rxa7 32. Rxa7 Rc1+ 33. Kh2 f3+ 34. Kh3 fxg2 35. Kxg2 Qxb2 36. Ra8+ Kh7 37. Qxb2 Bxb2 38. Kf3 Be5 39. Ra7 f6 40. Ra8 c5 41. Rc8 c4 42. Ke3 c3 43. g5 hxg5 0-1


[Site "https://www.chess.com"]

[Event "Titled Tuesday Blitz November 29 Late 2022"]
[White "Sanchez, Robert"]
[Black "Bayo Milagro, Alvaro"]
[WhiteFideId "2034360"]
[BlackFideId "22275240"]
[WhiteElo "2326"]
[BlackElo "2270"]
[Result "0-1"]
[Round "02"]
[TimeControl "180+1"]
[Date "2022.11.30"]
[WhiteClock "0:00:33"]
[BlackClock "0:01:02"]

1. e4 d6 2. d4 Nf6 3. Nc3 e5 4. Nf3 Nbd7 5. Bc4 Be7 6. O-O O-O 7. a4 c6 8. h3 b6 9. dxe5 dxe5 10. Qe2 Qc7 11. Rd1 Nc5 12. Bg5 h6 13. Bh4 Nh5 14. Bg3 Nxg3 15. fxg3 Be6 16. b4 Bxc4 17. Qxc4 Ne6 18. Rd3 a5 19. b5 Bc5+ 20. Kh2 Bd4 21. Nxd4 exd4 22. Ne2 c5 23. c3 dxc3 24. Nxc3 Rad8 25. Nd5 Qe5 26. Rf1 Ng5 27. Rfd1 Nxe4 28. Nf6+ Qxf6 29. Qxe4 Rxd3 30. Rxd3 Rd8 31. Rf3 Qe6 32. Qb7 g6 33. h4 Rd7 34. Qb8+ Kg7 35. h5 g5 36. g4 Qd6+ 37. Qxd6 Rxd6 0-1


[Site "https://www.chess.com"]

[Event "Titled Tuesday Blitz November 29 Late 2022"]
[White "Santos Flores, Alberto"]
[Black "Hartikainen, Jarmo"]
[WhiteFideId "3601234"]
[BlackFideId "503134"]
[WhiteElo "2235"]
[BlackElo "2204"]
[Result "1-0"]
[Round "02"]
[TimeControl "180+1"]
[Date "2022.11.30"]
[WhiteClock "0:01:12"]
[BlackClock "0:00:19"]

1. d4 Nf6 2. Nf3 g6 3. Bf4 Bg7 4. e3 d5 5. Bd3 Nbd7 6. h3 O-O 7. Nbd2 c5 8. c3 b6 9. Ne5 Bb7 10. h4 Nxe5 11. Bxe5 Qd7 12. h5 Qg4 13. Nf3 Nxh5 14. Bxg7 Kxg7 15. Rh4 Qxg2 16. Qe2 e5 17. dxe5 d4 18. e4 dxc3 19. O-O-O cxb2+ 20. Kxb2 Kh8 21. Rg1 1-0


[Site "https://www.chess.com"]

[Event "Titled Tuesday Blitz November 29 Late 2022"]
[White "Schuster, Karsten"]
[Black "Putnam, Liam"]
[WhiteFideId "4611071"]
[BlackFideId "30938279"]
[WhiteElo "2294"]
[BlackElo "2082"]
[Result "0-1"]
[Round "02"]
[TimeControl "180+1"]
[Date "2022.11.30"]
[WhiteClock "0:02:17"]
[BlackClock "0:01:41"]

1. d4 Nf6 2. c4 e6 3. Nc3 Bb4 4. Qc2 d6 5. Nf3 O-O 6. Bg5 Nbd7 7. e3 b6 8. Bd3 h6 9. Bh4 Bb7 10. O-O Bxc3 11. Qxc3 g5 12. Bg3 Ne4 13. Qc2 f5 14. Nd2 Nxg3 15. hxg3 Qf6 16. b4 e5 17. c5 bxc5 18. bxc5 dxc5 19. dxc5 Qc6 20. Nb3 Qxg2# 0-1


[Site "https://www.chess.com"]

[Event "Titled Tuesday Blitz November 29 Late 2022"]
[White "Shimanov, Aleksandr"]
[Black "Marczuk, Dominik"]
[WhiteFideId "4198603"]
[BlackFideId "1111264"]
[WhiteElo "2605"]
[BlackElo "2153"]
[Result "1-0"]
[Round "02"]
[TimeControl "180+1"]
[Date "2022.11.30"]
[WhiteClock "0:00:49"]
[BlackClock "0:00:01"]

1. e4 c5 2. Nf3 Nc6 3. Bc4 g6 4. O-O Bg7 5. c3 e5 6. d3 Nge7 7. Re1 O-O 8. Bg5 h6 9. Bh4 d6 10. Nbd2 a6 11. a4 Kh7 12. Nf1 f5 13. exf5 Bxf5 14. Ng3 Bg4 15. Bxe7 Qxe7 16. Bd5 Qd7 17. h3 Ne7 18. Bxb7 Qxb7 19. hxg4 Qxb2 20. Ne4 Nd5 21. Rb1 Qa3 22. Qb3 Qxb3 23. Rxb3 Rab8 24. Reb1 Rxb3 25. Rxb3 Nf4 26. c4 Ra8 27. g3 Ne6 28. Nxd6 Rd8 29. Ne4 Kg8 30. Kf1 Rf8 31. Ned2 Bf6 32. Rb6 Nd4 33. Nxd4 exd4 34. Ne4 Bg5 35. Rxg6+ Kh7 36. Rxa6 Rb8 37. f4 Rb1+ 38. Ke2 Rb2+ 39. Kf3 Bd8 40. Nxc5 Bb6 41. Nd7 1-0


[Site "https://www.chess.com"]

[Event "Titled Tuesday Blitz November 29 Late 2022"]
[White "Sivakumar, Shaaketh"]
[Black "Sariego Figueredo, Wilfredo"]
[WhiteFideId "30940176"]
[BlackFideId "3500080"]
[WhiteElo "2174"]
[BlackElo "2309"]
[Result "1-0"]
[Round "02"]
[TimeControl "180+1"]
[Date "2022.11.30"]
[WhiteClock "0:00:54"]
[BlackClock "0:00:59"]

1. e4 c5 2. Nf3 a6 3. g3 b5 4. Bg2 Bb7 5. Qe2 e6 6. O-O Nf6 7. d4 Bxe4 8. Bg5 Bb7 9. c4 b4 10. d5 Be7 11. Ne5 exd5 12. Bxf6 gxf6 13. Ng4 h5 14. Nxf6+ Kf8 15. Nxd5 Bxd5 16. Bxd5 Nc6 17. Qf3 f6 18. Nd2 Rc8 19. Qf4 Qc7 20. Qf5 Qe5 21. Qg6 Nd8 22. Nf3 Qxb2 23. Nh4 Ne6 24. Nf5 Rg8 25. Qh7 Re8 26. Nh6 1-0


[Site "https://www.chess.com"]

[Event "Titled Tuesday Blitz November 29 Late 2022"]
[White "Souleidis, Georgios"]
[Black "Shankland, Sam"]
[WhiteFideId "4206827"]
[BlackFideId "2004887"]
[WhiteElo "2401"]
[BlackElo "2612"]
[Result "1-0"]
[Round "02"]
[TimeControl "180+1"]
[Date "2022.11.30"]
[WhiteClock "0:00:12"]
[BlackClock "0:00:18"]

1. e4 c5 2. Be2 Nc6 3. d3 g6 4. f4 Bg7 5. Nf3 d6 6. O-O e6 7. c3 Nge7 8. Be3 b6 9. d4 Bb7 10. a3 Qd7 11. Bd3 h6 12. Qe2 O-O 13. Nbd2 cxd4 14. Nxd4 Rae8 15. Rad1 Nxd4 16. Bxd4 Bxd4+ 17. cxd4 f5 18. e5 Bd5 19. Nc4 Nc8 20. Rfe1 Kh7 21. Rc1 Rf7 22. Ne3 Ne7 23. Bb5 Bc6 24. Bxc6 Nxc6 25. Red1 d5 26. Rc3 Rg7 27. Qd2 Rc8 28. Rdc1 Rgg8 29. b4 Ne7 30. Rxc8 Rxc8 31. Rc3 a6 32. Qc2 Rxc3 33. Qxc3 Kg7 34. Kf2 Kf7 35. g3 Ke8 36. Ke2 Qb5+ 37. Qd3 Qa4 38. Qc3 Kd7 39. Kd2 Nc6 40. Nc2 Na7 41. Kc1 Nb5 42. Qd3 a5 43. Kb2 axb4 44. Nxb4 Na7 45. Qc3 Qb5 46. Qd3 Qc4 47. Qxc4 dxc4 48. Kc3 Nb5+ 49. Kxc4 Nxa3+ 50. Kb3 Nb5 51. Kc4 Nc7 52. d5 b5+ 53. Kc5 exd5 54. Nxd5 Ne6+ 55. Kxb5 Nd4+ 56. Kc5 Nf3 57. h4 Nd2 58. Nf6+ Ke6 59. h5 g5 60. Ng8 Ne4+ 61. Kd4 Nxg3 62. fxg5 f4 63. gxh6 Kf7 64. h7 Kg7 65. Nf6 f3 66. Ke3 Nf5+ 67. Kxf3 Nd4+ 68. Kf4 Ne6+ 69. Kf5 Nd4+ 70. Ke4 Ne6 71. Kd5 Nf4+ 72. Kd6 Kh8 73. e6 Nxe6 74. Kxe6 Kg7 75. Ke7 Kh8 76. Ke6 Kg7 77. Kf5 Kh8 78. Kg5 Kg7 79. Ng4 Kxh7 80. h6 1-0


[Site "https://www.chess.com"]

[Event "Titled Tuesday Blitz November 29 Late 2022"]
[White "Stearman, Josiah"]
[Black "Arnold, Ken"]
[WhiteFideId "2062496"]
[BlackFideId "2056836"]
[WhiteElo "2402"]
[BlackElo "2370"]
[Result "1-0"]
[Round "02"]
[TimeControl "180+1"]
[Date "2022.11.30"]
[WhiteClock "0:00:03"]
[BlackClock "0:00:01"]

1. e4 c6 2. d4 d5 3. e5 Bf5 4. h4 h5 5. c4 e6 6. Nf3 Ne7 7. cxd5 Nxd5 8. Nc3 Nd7 9. Bd3 Bg4 10. Ne4 Qb6 11. Bc2 Bb4+ 12. Bd2 Be7 13. Bc3 Rc8 14. Qd2 Nxc3 15. bxc3 c5 16. Rb1 Qc7 17. Ba4 O-O 18. Bxd7 Qxd7 19. dxc5 Qxd2+ 20. Nfxd2 Bxc5 21. Rxb7 Rfd8 22. f3 Bf5 23. Ke2 Bb6 24. Rc1 Rd5 25. f4 Ra5 26. Nd6 Rc7 27. Rxc7 Bxc7 28. Nxf5 exf5 29. Rc2 f6 30. exf6 Bxf4 31. fxg7 Kxg7 32. Rb2 Rc5 33. Kd3 Bc7 34. Nf3 Kf6 35. c4 Bb6 36. Rb5 Rc7 37. Rd5 Re7 38. Rd6+ Kg7 39. Ng5 Re3+ 40. Kd2 Rg3 41. Kc2 Rxg2+ 42. Kb3 Rg4 43. Ne6+ Kf7 44. c5 Ba5 45. Ng5+ Ke7 46. Re6+ Kd7 47. Rg6 Rxh4 48. c6+ Kc7 49. Nf7 Rb4+ 50. Ka3 Rc4 51. Ne5 Rc3+ 52. Ka4 Bb6 53. Rg7+ 1-0


[Site "https://www.chess.com"]